 Dungeon Crawl Stone Soup version 0.30-b1-2-g02819fbbbe (webtiles) character file.

Game seed: 6338078903674648374

98 Mesmaeker13 the Digger (level 4, -1/33 HPs)
             Began as a Demigod Earth Elementalist on June 18, 2023.
             Slain by an orc priest
             ... wielding a +0 flail
              (6 damage)
             ... on level 3 of the Dungeon.
             The game lasted 00:02:09 (1837 turns).

Mesmaeker13 the Digger (Demigod Earth Elementalist) Turns: 1837, Time: 00:02:09

Health: -1/33      AC:  2    Str:  9    XL:     4   Next: 20%
Magic:  1/10       EV: 12    Int: 21    God:
Gold:   72         SH:  0    Dex: 14    Spells: 7/8 levels left

rFire   . . .        d - +0 dagger
rCold   . . .        (no shield)
rNeg    . . .        a - +0 robe
rPois   .            (no helmet)
rElec   .            (no cloak)
rCorr   +            (no gloves)
SInv    .            (no boots)
Will    .....        (no amulet)
Stlth   ++           j - ring of resist corrosion
HPRegen 0.25/turn    (no ring)
MPRegen 0.12/turn

%: no passive effects
@: no status effects
A: high MP 1, forlorn, divine attributes
a: no special abilities


You were on level 3 of the Dungeon.
You visited 1 branch of the dungeon, and saw 3 of its levels.

You collected 72 gold pieces.

Inventory:

Hand Weapons
 d - a +0 dagger (weapon)
Armour
 a - a +0 robe (worn)
Jewellery
 j - a ring of resist corrosion (left hand)
Wands
 o - a wand of iceblast (6)
Scrolls
 c - a scroll of butterflies {unknown}
 e - 3 scrolls of teleportation {unknown}
 f - 2 scrolls of identify {unknown}
 g - a scroll of enchant weapon {unknown}
 h - a scroll of acquirement {unknown}
 i - a scroll of poison {unknown}
 k - a scroll of fear {unknown}
 l - a scroll of vulnerability {unknown}
 p - a scroll of amnesia {unknown}
Potions
 b - a potion of magic
 m - a potion of mutation {unknown}
 n - a potion of might {unknown}


   Skills:
 + Level 2.8 Dodging
 - Level 1.7 Stealth
 + Level 2.7 Spellcasting
 - Level 0.8 Transmutations
 + Level 3.5 Earth Magic


You had 7 spell levels left.
You knew the following spells:

 Your Spells              Type           Power      Damage    Failure   Level
a - Sandblast             Erth           34%        2d9       3%          1

Your spell library contained the following spells:

 Spells                   Type           Power      Damage    Failure   Level
 Passwall                 Tmut/Erth      10%        N/A       9%          2
 Stone Arrow              Conj/Erth      20%        3d8       21%         3
 Dazzling Flash           Conj/Hex       4%         N/A       38%         3
 Petrify                  Tmut/Erth      12%        N/A       50%         4
 Agony                    Necr           2%         N/A       98%         5
 Silence                  Hex/Air        1%         N/A       98%         5


Dungeon Overview and Level Annotations

Branches:
Dungeon (3/15)


Innate Abilities, Weirdness & Mutations

You have an increased reservoir of magic. (+10% MP)
You shall have no god before yourself.
Your divine heritage dramatically boosts your attributes as you level up.


Message History

Aim: an orc priest, wielding a +0 flail and wearing a +0 scale mail (almost dead, 84% to hit)
The blast of sand hits the orc priest but does no damage.
The orc priest is almost dead.
The orc priest drinks a potion.
The orc priest is healed!
Casting: Sandblast (safe; 3% risk of failure)
Confirm with . or Enter, or press ? or * to list all spells.
Aiming: Sandblast (safe; 3% risk of failure)
Press: ? - help, Shift-Dir - straight line, f/p - orc priest
Aim: an orc priest, wielding a +0 flail and wearing a +0 scale mail (moderately wounded, 84% to hit)
The blast of sand hits the orc priest but does no damage.
The orc priest is moderately wounded.
The orc priest closely misses you.
The orc priest hits you with a +0 flail.
You hit the orc priest.
The orc priest is heavily wounded.
The orc priest hits you with a +0 flail!
You hit the orc priest but do no damage.
The orc priest is heavily wounded.
The orc priest calls down the wrath of Beogh upon you.
Beogh smites you!
* * * LOW HITPOINT WARNING * * *
Casting: Sandblast (safe; 3% risk of failure)
Confirm with . or Enter, or press ? or * to list all spells.
Aiming: Sandblast (safe; 3% risk of failure)
Press: ? - help, Shift-Dir - straight line, f/p - orc priest
Aim: an orc priest, wielding a +0 flail and wearing a +0 scale mail (heavily wounded, 84% to hit)
The blast of sand hits the orc priest but does no damage.
The orc priest is heavily wounded.
The orc priest casts a cantrip, but nothing happens.
Casting: Sandblast (safe; 3% risk of failure)
Confirm with . or Enter, or press ? or * to list all spells.
Aiming: Sandblast (safe; 3% risk of failure)
Press: ? - help, Shift-Dir - straight line, f/p - orc priest
Aim: an orc priest, wielding a +0 flail and wearing a +0 scale mail (heavily wounded, 84% to hit)
The blast of sand hits the orc priest.
The orc priest is severely wounded.
The orc priest hits you with a +0 flail.
* * * LOW HITPOINT WARNING * * *
The orc priest hits you with a +0 flail.
You die...

########.###########.##
.........# ######..### .
#.......### .. #........[#
.. ######..###.)#.##### ..
#.......# #........# †#
#.#####.###..#.###.#..##..
#........<@oh.)..?..
##.....#######.#.#..
#.....# # #.........
#.......## #.....#.#
###.###.# #.# .# #.# #


You could see an orc priest and a jackal.

Vanquished Creatures
  2 adders
  An ufetubus (D:2)
  2 worms (D:2)
  2 dart slugs
  3 orcs (D:3)
  3 ball pythons
  5 endoplasms
  6 giant cockroaches
  4 goblins
  5 hobgoblins
  3 jackals (D:3)
  5 kobolds
  4 quokkas
  3 bats
  2 frilled lizards (D:1)
  5 rats
55 creatures vanquished.

Notes
Turn   | Place    | Note
-------+----------+-------------------------------------------
     0 | D:1      | Mesmaeker13 the Demigod Earth Elementalist began the quest
                  | for the Orb.
     0 | D:1      | Reached XP level 1. HP: 14/14 MP: 5/5
   170 | D:1      | Reached XP level 2. HP: 18/20 MP: 2/7
   307 | D:1      | Reached skill level 3 in Earth Magic
   661 | D:1      | Reached XP level 3. HP: 26/26 MP: 7/9
  1700 | D:2      | Reached XP level 4. HP: 18/33 MP: 4/10
  1837 | D:3      | Slain by an orc priest

Illustrated notes

Levels and vault maps discovered:
D:1:      beargit_arrival_greenhouse, layout_basic, feat_on_display
D:2:      layout_rooms
D:3:      layout_loops_ring, minmay_misc_feat_pillars

Skill      XL: |  1  2 |
---------------+-------+-----
Dodging        | 2 |  2.8
Spellcasting   | 2 |  2.7
Earth Magic    | 3 |  3.5
Stealth        | |  1.7
Transmutations | |  0.8

Action                     |  1- 3 |  4- 6 || total
---------------------------+-------+-------++-------
  Melee: Unarmed           |    32 |       ||    32
         Punch             |     1 |       ||     1
         Dagger            |     2 |     2 ||     4
   Cast: Sandblast         |    90 |    16 ||   106
 Armour: Robe              |    10 |       ||    10
  Dodge: Dodged            |    61 |     5 ||    66
